 Dungeon Crawl Stone Soup version 0.27.1-3-gb3d3a73c9e (webtiles) character file.

Game seed: 1081169364729436450

137720 Atelerd the Thaumaturge (level 17, -13/133 HPs)
             Began as an Octopode Earth Elementalist on Oct 12, 2021.
             Was an Elder of Sif Muna.
             Mangled by an emperor scorpion (28 damage)
             ... on level 4 of the Spider Nest.
             The game lasted 01:54:41 (43487 turns).

Atelerd the Thaumaturge (OpEE)                     Turns: 43487, Time: 01:54:42

Health: -13/133    AC: 29    Str: 12 (15) XL:     17   Next: 24%
Magic:  18/34      EV: 23    Int: 18 (20) God:    Sif Muna [****..]
Gold:   2924       SH: 13    Dex: 30 (31) Spells: 4/42 levels left

rFire    + . .     SeeInvis .   F - +2 dagger (venom)
rCold    + + .     Faith    .   Q - +0 buckler {rC+}
rNeg     + + +     Spirit   .   (helmet restricted)
rPois    ∞         Reflect  +   X - amulet "Qamar" {Reflect *Corrode rElec rC+ Str+2 SH+5}
rElec    +         Harm     .   k - +6 ring of dexterity
rCorr    +         Rampage  .   u - +4 ring of evasion
Will     .....                  B - +6 ring of strength
Stlth    ++++++....             U - ring of the Sunfish {rElec rF+ rCorr Dex+6 Stlth-}
HPRegen  0.32/turn              V - +6 ring of dexterity
MPRegen  0.24/turn              j - ring "Tacseung" {rPois rN+++ Will- AC+4 Int-4}
                                Y - ring of positive energy
                                (no ring)

@: statue-form, studying Ice Magic, very slow
A: slow and powerful, torment resistance 1, boosted hp, almost no armour,
amphibious, 8 rings, camouflage 1, (gelatinous body 1), (nimble swimmer 1),
tentacles, deterioration 1
a: End Transformation, Renounce Religion, Channel Magic, Forget Spell, Divine
Exegesis


You were on level 4 of the Spider Nest.
You worshipped Sif Muna.
Sif Muna was greatly pleased with you.
You were a living statue of rough stone.
You visited 5 branches of the dungeon, and saw 25 of its levels.
You also visited: Ice Cave.

You collected 5097 gold pieces.
You spent 2173 gold pieces at shops.

Inventory:

Hand Weapons
 f - the +9 mace of Freehold {venom, rPois MP+9 Str+2}
   (You bought it in a shop on level 2 of the Orcish Mines)

   It poisons the flesh of those it strikes.
   Str:       It affects your strength (+2).
   rPois:     It protects you from poison.
   MP:        It affects your magic capacity (+9).
 w - the +5 trident "Momiu" {flame, rCorr MP-9 Str+6 SInv}
   (You bought it in a shop on level 2 of the Orcish Mines)

   It burns those it strikes, dealing additional fire damage.
   Str:       It affects your strength (+6).
   MP:        It affects your magic capacity (-9).
   SInv:      It lets you see invisible.
   rCorr:     It protects you from acid and corrosion.
 z - a +3 dagger of freezing
 F - a +2 dagger of venom (weapon)
Missiles
 b - 121 stones
Armour
 Q - a +0 buckler of cold resistance (worn)
Jewellery
 j - the ring "Tacseung" (on tentacle) {rPois rN+++ Will- AC+4 Int-4}
   (You found it in an ice cave)

   [ring of protection]

   AC:        It affects your AC (+4).
   Int:       It affects your intelligence (-4).
   rPois:     It protects you from poison.
   rN:        It renders you almost immune to negative energy.
   Will:      It decreases your willpower.
 k - a +6 ring of dexterity (left tentacle)
 r - a ring of ice
 u - a +4 ring of evasion (right tentacle)
 B - a +6 ring of strength (on tentacle)
 L - an amulet of magic regeneration
 P - a ring of ice
 U - the ring of the Sunfish (on tentacle) {rElec rF+ rCorr Dex+6 Stlth-}
   (You found it on level 3 of the Lair of Beasts)

   [ring of dexterity]

   Dex:       It affects your dexterity (+6).
   rF:        It protects you from fire.
   rElec:     It insulates you from electricity.
   rCorr:     It protects you from acid and corrosion.
   Stlth:     It makes you less stealthy.
 V - a +6 ring of dexterity (on tentacle)
 X - the amulet "Qamar" (around mantle) {Reflect *Corrode rElec rC+ Str+2 SH+5}
   (You acquired it on level 2 of the Lair of Beasts)

   [amulet of reflection]

   It reflects blocked missile attacks.
   Str:       It affects your strength (+2).
   rC:        It protects you from cold.
   rElec:     It insulates you from electricity.
   *Corrode:  It may corrode you when you take damage.
   SH:        It affects your SH (+5).
 Y - a ring of positive energy (on tentacle)
 Z - a ring of ice
Wands
 g - a wand of charming (4)
 n - a wand of polymorph (28)
 y - a wand of digging (14)
 E - a wand of acid (7)
 N - a wand of mindburst (22)
 R - a wand of paralysis (17)
 S - a wand of iceblast (17)
Scrolls
 c - 5 scrolls of amnesia
 h - 4 scrolls of vulnerability
 m - a scroll of holy word
 q - 2 scrolls of silence
 v - 3 scrolls of enchant weapon
 x - 2 scrolls of magic mapping
 A - 3 scrolls of immolation
 I - 11 scrolls of identify
 K - a scroll of torment
Potions
 d - 6 potions of flight
 e - 3 potions of resistance
 l - 5 potions of might
 o - 5 potions of mutation
 p - a potion of berserk rage
 s - 4 potions of lignification
 t - 4 potions of attraction
 C - 6 potions of curing
 D - 6 potions of haste
 G - 2 potions of brilliance
 H - 4 potions of degeneration
 M - a potion of magic
 T - 2 potions of ambrosia
Miscellaneous
 O - a phantom mirror
 W - a piece from Xom's chessboard (15/15)


   Skills:
 - Level 5.0 Fighting
 + Level 6.7 Short Blades
 - Level 7.0 Dodging
 - Level 12.2 Stealth
 + Level 7.9 Shields
 - Level 13.4 Spellcasting
 - Level 8.0 Conjurations
 - Level 8.0 Summonings
 - Level 2.0 Translocations
 - Level 6.0 Transmutations
 - Level 10.0 Ice Magic
 - Level 5.0 Air Magic
 - Level 13.0 Earth Magic
 - Level 4.0 Poison Magic
 - Level 8.8 Invocations


You had 4 spell levels left.
You knew the following spells:

 Your Spells              Type           Power      Damage    Failure   Level
a - Sandblast             Erth           100%       2d20      1%          1
b - Shadow Creatures      Summ           N/A        N/A       32%         6
c - Blink                 Tloc           N/A        N/A       3%          2
d - Borgnjor's Vile Clut  Necr/Erth      17%        N/A       11%         5
f - Ignite Poison         Fire/Tmut/Pois 24%        N/A       4%          3
h - Iron Shot             Conj/Erth      24%        9d5       12%         6
o - Freezing Cloud        Conj/Ice/Air   19%        6-21      7%          5
p - Petrify               Tmut/Erth      46%        N/A       1%          4
s - Statue Form           Tmut/Erth      30%        N/A       17%         6

Your spell library contained the following spells:

 Spells                   Type           Power      Damage    Failure   Level
 Freeze                   Ice            100%       1d11      1%          1
 Shock                    Conj/Air       100%       1d9       1%          1
 Summon Small Mammal      Summ           100%       N/A       1%          1
 Passwall                 Tmut/Erth      38%        N/A       1%          2
 Poisonous Vapours        Pois/Air       56%        N/A       1%          2
 Static Discharge         Conj/Air       35%        N/A       1%          2
 Call Canine Familiar     Summ           40%        N/A       1%          3
 Frozen Ramparts          Ice            96%        1d11      1%          3
 Ozocubu's Armour         Ice            48%        N/A       1%          3
 Stone Arrow              Conj/Erth      98%        3d13      1%          3
 Hailstorm                Conj/Ice       44%        3d10      1%          4
 Ice Form                 Ice/Tmut       40%        N/A       1%          4
 Summon Ice Beast         Ice/Summ       44%        N/A       1%          4
 Swiftness                Air            30%        N/A       2%          3
 Corpse Rot               Necr/Air       N/A        N/A       3%          2
 Conjure Flame            Conj/Fire      26%        6-21      3%          3
 Dazzling Flash           Conj/Hex       52%        N/A       3%          3
 Summon Guardian Golem    Hex/Summ       26%        N/A       3%          3
 Animate Skeleton         Necr           24%        N/A       5%          1
 Pain                     Necr           48%        1d6       5%          1
 Sublimation of Blood     Necr           6%         N/A       9%          2
 Sticky Flame             Conj/Fire      26%        2d5       11%         4
 Vampiric Draining        Necr           6%         2d6       17%         3
 Lee's Rapid Deconstruct  Erth           28%        3d16*     1%          5
 Bolt of Magma            Conj/Fire/Erth 18%        4d10      9%          5
 Irradiate                Conj/Tmut      18%        3d19      9%          5
 Lightning Bolt           Conj/Air       17%        1d32      11%         5
 Metabolic Englaciation   Hex/Ice        15%        N/A       21%         5
 Summon Forest            Summ/Tloc      15%        N/A       21%         5
 Silence                  Hex/Air        10%        N/A       50%         5
 Manifold Assault         Tloc           19%        N/A       56%         5
 Ozocubu's Refrigeration  Ice            24%        4d9       61%         7
 Eringya's Noxious Bog    Tmut/Pois      15%        N/A       73%         6
 Simulacrum               Ice/Necr       15%        N/A       73%         6
 Agony                    Necr           12%        N/A       83%         5
 Spellforged Servitor     Conj/Summ      20%        N/A       87%         7
 Summon Hydra             Summ           20%        N/A       87%         7
 Storm Form               Tmut/Air       15%        N/A       99%         7
 Lehudib's Crystal Spear  Conj/Erth      24%        10d7      99%         8
 Invisibility             Hex            6%         N/A       100%        6
 Haunt                    Necr/Summ      13%        N/A       100%        7
 Chain Lightning          Conj/Air       17%        3d23      100%        9
 Animate Armour           Summ/Erth      Unusable   N/A       N/A         4

Dungeon Overview and Level Annotations

Branches:
Dungeon (12/15)            Temple (0/1) D:7            Lair (6/6) D:11
  Swamp (0/4) Lair:4       Spider (4/4) Lair:2        Slime (0/5) Lair:6
    Orc (2/2) D:9             Elf (1/3) Orc:2         IceCv (visited)

Altars:
Dithmenos
Gozag
Kikubaaqudgha
Makhleb
Okawaru
Sif Muna
Uskayaw
Vehumet
Zin
Jiyva

Shops:
D:6 (   D:9 [   D:11 (   Orc:2 [**:?(

Portals:
Abyss: Spider:2

Annotations:
D:3 exclusion: statue
D:10 exclusion: downstairs
D:11 exclusions: downstairs, skeletal warrior and 1 more exclusion
D:12 Rupert
Lair:5 exclusion: downstairs
Spider:2 2 transporters, Linguinho's ghost, adept GrFi
Spider:3 Roxanne
Spider:4 2 transporters, Flure's ghost, adept DrTm
Orc:1 exclusion: 2 downstairs


Innate Abilities, Weirdness & Mutations

You are a living statue of rough stone.
Your actions are slow, but your melee attacks are powerful.
You are resistant to unholy torment.
Your maximum health is greatly increased.
You are immune to poison.
You cannot wear most types of armour.
You are amphibious.
You can wear up to eight rings at the same time.
Your skin changes colour to match your surroundings (Stealth+).
((Your rubbery body absorbs attacks. (AC +1, EV +1)))
((You are camouflaged near water. (Stealth+)))
You have tentacles for arms and can constrict up to eight enemies at once.
Your body sometimes deteriorates upon taking damage.


Message History

The emperor scorpion barely misses you.
Unknown command.
Okay, then.
Okay, then.
As you read the scroll of fear, it crumbles to dust.
You assume a fearsome visage.
The spark wasp looks frightened!
The emperor scorpion is unaffected.
You block the emperor scorpion's attack.
The emperor scorpion claws you but does no damage.
You block the emperor scorpion's attack. x3
The emperor scorpion completely misses you.
You feel better. The emperor scorpion misses you.
The emperor scorpion claws you but does no damage.
You block the emperor scorpion's attack.
The emperor scorpion misses you.
The emperor scorpion completely misses you.
The emperor scorpion misses you. x2
The emperor scorpion claws you but does no damage.
The emperor scorpion claws you.
* * * LOW HITPOINT WARNING * * *
Unknown command.
You feel better.
You block the emperor scorpion's attack. x2
The emperor scorpion claws you but does no damage.
The emperor scorpion closely misses you.
The emperor scorpion completely misses you.
The emperor scorpion barely misses you.
Unknown command.
Unknown command.
Aiming: Corrosive Bolt
Press: ? - help, Shift-Dir - straight line, f/p - emperor scorpion
Aim: an emperor scorpion (almost dead, berserk, 64% to hit)
The bolt of acid hits the emperor scorpion!
The emperor scorpion is splashed with acid.
The emperor scorpion is almost dead.
The emperor scorpion misses you.
You block the emperor scorpion's attack.
The emperor scorpion claws you but does no damage.
The emperor scorpion stings you!!
You die...

##### #≈.≈### ####
#####≈..^°#######≈≈###
##≈..≈^...≈.☼☼≈#≈≈≈...#
.≈....##.≈##≈§°≈y≈≈^.##
s.≈#≈≈##≈.###§†°§##.##
..#####.^≈# ##≈..≈###
○≈# #..## #^s†.# ≈##
#y'# ##†8≈## ## ..##s
##..≈## #... yy ####≈.≈#
+..y ... #..#≈.≈# # ###
#####^≈≈≈≈.### #
############.≈≈≈..≈≈##
###≈^.##.≈≈≈###..##...≈#
#≈≈......^..≈≈#####≈...#
...≈....^≈#...### #≈.≈##


You could see an emperor scorpion (berserk) and a spark wasp.

Vanquished Creatures
  A golden dragon (IceCv)
  Arachne (Spider:2)
  Agnes (Spider:4)
  2 ghost moths (Spider:4)
  2 emperor scorpions (Spider:4)
  2 entropy weavers (Spider:2)
  The ghost of Nous the Grappler, a journeyman TrAM of Qazlal (Lair:2)
  A spark wasp (Spider:4)
  Fannar (D:11)
  Harold (Orc:1)
  6 ice dragons
  3 boulder beetles
  3 hydras
  An ogre mage (Orc:1)
  11 two-headed ogres
  2 death yaks (Lair:6)
  A dancing weapon (Elf:1)
  2 orc high priests
  An iron troll (Orc:2)
  2 deep elf knights (Elf:1)
  A skeletal warrior (D:11)
  A deep troll (Orc:1)
  A bog body (Lair:4)
  A deep elf archer (Elf:1)
  An orange crystal statue (IceCv)
  2 deep elf zephyrmancers (Elf:1)
  An orc knight (Orc:2)
  5 orc sorcerers
  10 orb spiders
  5 deep elf pyromancers
  25 wolf spiders
  An ugly thing (D:12)
  A manticore (D:11)
  3 cyclopes
  3 moths of wrath
  4 elephants
  4 centaur zombies
  A black mamba (shapeshifter) (Elf:1)
  2 black mambas
  4 storm dragon simulacra (IceCv)
  18 cane toads
  2 kobold demonologists (D:11)
  A gargoyle (D:12)
  Maggie (D:8)
  6 komodo dragons
  2 rime drakes
  4 demonic crawlers
  4 golden dragon simulacra (IceCv)
  26 jumping spiders
  8 trolls
  2 polar bears
  7 hornets
  19 blink frogs
  2 tyrant leeches (Lair:6)
  A dream sheep (Lair:6)
  A water elemental (Elf:1)
  65 yaks
  3 shadows
  44 redbacks
  A wraith (D:12)
  21 tarantellas
  A steam dragon (D:7)
  4 basilisks
  7 wyverns
  6 vampire mosquitoes
  3 wargs
  A black bear (D:5)
  17 water moccasins
  2 sky beasts (D:6)
  2 ice beasts (D:8)
  11 orc warriors
  2 necrophages (D:6)
  3 ice dragon simulacra (IceCv)
  21 ogres
  4 wolves (Lair:6)
  4 centaurs
  4 phantoms
  A kobold brigand (D:11)
  Blork the orc (D:4)
  15 bullfrogs
  5 scorpions
  A water moccasin zombie (D:7)
  2 wyvern skeletons
  2 troll zombies (D:9)
  A water moccasin skeleton (D:6)
  3 killer bees (D:8)
  8 lindwurm simulacra (IceCv)
  14 wights
  A howler monkey (D:7)
  11 electric eels
  A lava snake (D:7)
  4 hounds
  5 orc priests
  5 jellies
  Crazy Yiuf (D:7)
  A bullfrog skeleton (D:6)
  A gnoll shaman (D:7)
  2 iguanas
  Ijyb (D:5)
  Natasha (thrice) (D:3)
  16 orc wizards
  7 hell rats
  A killer bee zombie (D:7)
  6 ogre zombies (D:9)
  4 gnolls
  7 adders
  3 shadow imps
  A white imp (D:8)
  4 worms
  2 dart slugs
  40 orcs
  13 endoplasms
  5 giant cockroaches
  4 goblins (D:2)
  5 hobgoblins
  4 jackals (D:2)
  2 quokkas
  4 ball pythons
  5 bats
  3 frilled lizards
  3 goblin skeletons (D:9)
  A goblin zombie (D:9)
  A hobgoblin skeleton (D:9)
  A hobgoblin zombie (D:9)
  15 kobolds
  2 orc skeletons (D:9)
  16 orc zombies (D:9)
  5 rats
720 creatures vanquished.

Vanquished Creatures (collateral kills)
  An ogre mage (Orc:2)
  2 two-headed ogres
  A death yak (Lair:6)
  2 deep elf zephyrmancers (Elf:1)
  A deep elf pyromancer (Elf:1)
  3 elephants
  5 cane toads
  A torpor snail (Lair:6)
  A komodo dragon (Lair:5)
  A troll (Orc:1)
  6 blink frogs (Lair:6)
  3 dream sheep (Lair:6)
  3 redbacks (Spider:2)
  2 tarantellas (Spider:2)
  9 yaks
  2 vampire mosquitoes
  An acid dragon (D:12)
  A water moccasin (Lair:6)
  An ice dragon simulacrum (IceCv)
  A wolf (Lair:6)
  3 ogres
  2 bullfrogs (Lair:6)
  A lindwurm simulacrum (IceCv)
  2 electric eels (Lair:6)
  2 orcs (Orc:2)
57 creatures vanquished.

Vanquished Creatures (others)
  A redback (Spider:4)
  2 bushes (D:11)
  20 fungi
  116 plants
  4 snaplasher vines
143 creatures vanquished.

Grand Total: 920 creatures vanquished

Notes
Turn   | Place    | Note
-------+----------+-------------------------------------------
     0 | D:1      | Atelerd the Octopode Earth Elementalist began the quest for
                  | the Orb.
     0 | D:1      | Reached XP level 1. HP: 11/11 MP: 3/3
   158 | D:1      | Reached XP level 2. HP: 16/17 MP: 0/5
   957 | D:1      | Found a faded altar of an unknown god.
   963 | D:1      | Reached XP level 3. HP: 21/21 MP: 3/6
  1695 | D:2      | Found a shimmering blue altar of Sif Muna.
  1779 | D:2      | Became a worshipper of Sif Muna the Loreminder
  2074 | D:2      | Reached XP level 4. HP: 27/27 MP: 5/8
  2949 | D:3      | Noticed Natasha
  2954 | D:3      | Killed Natasha
  2955 | D:3      | Reached XP level 5. HP: 22/31 MP: 6/9
  3219 | D:3      | Found a radiant altar of Vehumet.
  3219 | D:3      | Noticed a frost-covered statue
  3376 | D:3      | Noticed Natasha
  3471 | D:3      | Killed Natasha
  3472 | D:3      | Reached XP level 6. HP: 19/36 MP: 8/11
  3477 | D:3      | Learned a level 4 spell: Petrify
  3645 | D:3      | Found a burning altar of Makhleb.
  3723 | D:3      | Noticed Natasha
  3727 | D:3      | Killed Natasha
  3847 | D:3      | Found Onwi's Distillery.
  3867 | D:3      | Bought a potion of curing for 39 gold pieces
  3867 | D:3      | Bought a potion of heal wounds for 65 gold pieces
  3867 | D:3      | Bought a potion of lignification for 39 gold pieces
  3951 | D:4      | Noticed Blork the orc
  4031 | D:4      | Killed Blork the orc
  4362 | D:4      | Found a shadowy altar of Dithmenos.
  4474 | D:4      | Found an iron altar of Okawaru.
  4487 | D:4      | Found an ancient bone altar of Kikubaaqudgha.
  4490 | D:4      | Found a hide-covered altar of Uskayaw.
  4665 | D:4      | Reached * piety under Sif Muna
  4748 | D:4      | Found a glowing silver altar of Zin.
  4796 | D:4      | Reached XP level 7. HP: 28/41 MP: 7/12
  5008 | D:5      | Entered Level 5 of the Dungeon
  5030 | D:5      | Reached skill level 5 in Stealth
  5281 | D:5      | Reached skill level 5 in Earth Magic
  5836 | D:5      | Reached skill level 5 in Spellcasting
  5836 | D:5      | Reached XP level 8. HP: 21/46 MP: 10/15
  6068 | D:5      | Noticed Ijyb
  6077 | D:5      | Killed Ijyb
  7294 | D:6      | Noticed a shadow
  7304 | D:6      | Killed a shadow
  7305 | D:6      | Reached XP level 9. HP: 45/51 MP: 12/21
  8255 | D:7      | Found a staircase to the Ecumenical Temple.
  8571 | D:7      | Reached ** piety under Sif Muna
  8682 | D:7      | Gained mutation: Your body sometimes deteriorates upon
                  | taking damage. [mutagenic glow]
  8813 | D:7      | Reached skill level 10 in Spellcasting
  8881 | D:7      | Found a runed translucent door.
  8882 | D:7      | Noticed Crazy Yiuf
  9298 | D:7      | Killed Crazy Yiuf
  9545 | D:6      | Found an opulent altar of Gozag.
  9568 | D:6      | Reached XP level 10. HP: 47/56 MP: 20/24
  9618 | D:6      | Found Quydy's Antique Weapon Boutique.
 10036 | D:3      | Bought 2 potions of curing for 78 gold pieces
 10036 | D:3      | Bought a potion of haste for 130 gold pieces
 10036 | D:3      | Bought a potion of curing for 39 gold pieces
 10036 | D:3      | Bought a potion of invisibility for 104 gold pieces
 10036 | D:3      | Bought a potion of curing for 39 gold pieces
 10708 | D:8      | Noticed a two-headed ogre
 11306 | D:8      | Killed a two-headed ogre
 11550 | D:8      | Noticed Maggie
 11563 | D:8      | Killed Maggie
 11856 | D:8      | Learned a level 3 spell: Ignite Poison
 12385 | D:8      | Reached skill level 1 in Invocations
 12744 | D:8      | Reached skill level 1 in Fighting
 12744 | D:8      | Reached skill level 1 in Short Blades
 12756 | D:8      | Reached skill level 1 in Poison Magic
 12901 | D:8      | Reached XP level 11. HP: 43/63 MP: 24/27
 13406 | D:9      | Reached *** piety under Sif Muna
 13669 | D:9      | Noticed a two-headed ogre
 13679 | D:9      | Identified the +1 leather armour of Seokhac {*Slow rF++
                  | Int+4}
 13683 | D:9      | Killed a two-headed ogre
 14452 | D:9      | Learned a level 5 spell: Freezing Cloud
 14467 | D:9      | Found a staircase to the Orcish Mines.
 14822 | D:9      | Found Eluits's Armour Shoppe.
 15015 | D:10     | Entered Level 10 of the Dungeon
 15061 | D:10     | Noticed a seven-headed hydra
 15089 | D:10     | Killed a seven-headed hydra
 15296 | D:10     | Noticed a two-headed ogre
 15305 | D:10     | Killed a two-headed ogre
 15306 | D:10     | Reached skill level 1 in Ice Magic
 15306 | D:10     | Reached skill level 1 in Air Magic
 16487 | D:11     | Noticed a sixfirhy
 16489 | D:11     | Noticed a sixfirhy
 16492 | D:11     | Noticed a sixfirhy
 16863 | D:10     | Learned a level 4 spell: Summon Ice Beast
 16913 | Orc:1    | Entered Level 1 of the Orcish Mines
 16913 | Orc:1    | Noticed an orc sorcerer
 16921 | Orc:1    | Killed an orc sorcerer
 16964 | Orc:1    | Noticed Harold
 16975 | Orc:1    | Killed Harold
 16976 | Orc:1    | Reached XP level 12. HP: 65/72 MP: 20/28
 17006 | D:9      | Reached **** piety under Sif Muna
 17627 | Orc:1    | Reached skill level 5 in Dodging
 17933 | Orc:2    | Entered Level 2 of the Orcish Mines
 17933 | Orc:2    | Noticed a two-headed ogre
 17933 | Orc:2    | Noticed an ogre mage
 17933 | Orc:2    | Noticed a two-headed ogre
 17933 | Orc:2    | Noticed a two-headed ogre
 17933 | Orc:2    | Noticed a two-headed ogre
 17933 | Orc:2    | Noticed an iron troll
 18102 | D:3      | Bought a potion of experience for 650 gold pieces
 18102 | D:3      | Reached XP level 13. HP: 77/77 MP: 29/29
 18520 | D:11     | Reached skill level 1 in Summonings
 18623 | D:11     | Found Moputh's Weapon Emporium.
 19104 | D:10     | Reached skill level 10 in Earth Magic
 19999 | D:11     | Found a staircase to the Lair.
 20211 | D:11     | Noticed Fannar
 20226 | D:11     | Killed Fannar
 20333 | D:11     | Reached skill level 1 in Conjurations
 21334 | D:12     | Learned a level 5 spell: Summon Forest
 21512 | D:12     | Noticed Rupert
 21753 | Lair:1   | Entered Level 1 of the Lair of Beasts
 21797 | Lair:1   | Reached ***** piety under Sif Muna
 22023 | Lair:1   | Received a gift from Sif Muna
 22049 | Lair:1   | Learned a level 6 spell: Statue Form
 22210 | Lair:1   | You fall into a shaft and drop 1 floor!
 22462 | Lair:2   | Found a hole to the Spider Nest.
 22553 | Lair:2   | Found a large runed translucent door.
 22555 | Lair:2   | Found a large runed translucent door.
 22559 | Lair:2   | Noticed Nous's ghost (journeyman TrAM)
 22665 | Lair:2   | Reached skill level 1 in Translocations
 22912 | Lair:3   | Reached XP level 14. HP: 83/83 MP: 16/31
 23185 | Lair:3   | Identified the ring of the Sunfish {rElec rF+ rCorr Dex+6
                  | Stlth-}
 23270 | Lair:3   | Reached skill level 5 in Transmutations
 23454 | Lair:3   | Reached skill level 5 in Summonings
 24739 | Lair:2   | Identified 2 scrolls of acquirement
 24791 | Lair:2   | Killed Nous's ghost
 25081 | Lair:2   | Acquired 897 gold pieces
 25083 | Lair:2   | Acquired the amulet "Qamar" {Reflect *Corrode rElec rC+
                  | Str+2 SH+5}
 25095 | Lair:2   | Acquired 839 gold pieces
 25324 | D:3      | Bought a potion of curing for 39 gold pieces
 25324 | D:3      | Bought a potion of brilliance for 52 gold pieces
 25324 | D:3      | Bought a potion of might for 52 gold pieces
 25626 | Orc:2    | Found a staircase to the Elven Halls.
 25645 | Orc:2    | Reached skill level 1 in Shields
 25888 | Orc:2    | Reached skill level 5 in Ice Magic
 26068 | Orc:2    | Reached skill level 5 in Air Magic
 26817 | Orc:1    | Reached skill level 10 in Stealth
 29815 | Lair:4   | Found a staircase to the Swamp.
 30392 | Lair:5   | Reached XP level 15. HP: 77/88 MP: 28/32
 30420 | Lair:5   | Received a gift from Sif Muna
 30423 | Lair:5   | Got Sif Muna's Almanac of Supportive Confrontation {god
                  | gift}
 31173 | Lair:6   | Entered Level 6 of the Lair of Beasts
 31705 | Lair:6   | Learned a level 6 spell: Shadow Creatures
 33197 | Lair:6   | Found a runed translucent door.
 33197 | Lair:6   | Found a viscous altar of Jiyva.
 33199 | Lair:6   | Found a staircase to the Slime Pits.
 33593 | Orc:1    | Received a gift from Sif Muna
 33603 | Orc:1    | Got Sif Muna's Papyrus of Conjuration {god gift}
 33612 | Orc:2    | Found Hosam's Antique Weapon Emporium.
 33721 | Orc:2    | Found Buridah's Book Shop.
 33727 | Orc:2    | Bought a crystal mace for 208 gold pieces
 33727 | Orc:2    | Identified the +9 mace of Freehold {venom, rPois MP+9
                  | Str+2} (You bought it in a shop on level 2 of the Orcish
                  | Mines)
 33734 | Orc:2    | Found Poblom's Assorted Antiques.
 33735 | Orc:2    | Found Liabin's Antique Armour Emporium.
 33849 | Orc:2    | Found Ytebonto's Assorted Antiques.
 33849 | Orc:2    | Found Jorr's Magic Scroll Shop.
 33854 | Orc:2    | Bought a potion of haste for 300 gold pieces
 33854 | Orc:2    | Bought an iridescent trident for 255 gold pieces
 33854 | Orc:2    | Identified the +5 trident "Momiu" {flame, rCorr MP-9 Str+6
                  | SInv} (You bought it in a shop on level 2 of the Orcish
                  | Mines)
 33857 | Orc:2    | Bought a scroll of identify for 28 gold pieces
 33857 | Orc:2    | Bought a scroll of identify for 28 gold pieces
 33857 | Orc:2    | Bought a scroll of identify for 28 gold pieces
 34039 | Elf:1    | Entered Level 1 of the Elven Halls
 34060 | Elf:1    | Paralysed by an orc sorcerer for 2 turns
 34655 | Spider:1 | Entered Level 1 of the Spider Nest
 35184 | Spider:2 | Found a frozen archway.
 35205 | IceCv    | Entered an ice cave
 35313 | IceCv    | Reached skill level 5 in Shields
 35858 | IceCv    | Reached XP level 16. HP: 46/95 MP: 30/33
 37099 | IceCv    | Noticed a golden dragon
 37564 | IceCv    | Identified the ring "Tacseung" {rPois rN+++ Will- AC+4
                  | Int-4}
 37865 | IceCv    | Killed a golden dragon
 38093 | Spider:2 | Found a one-way gate to the infinite horrors of the Abyss.
 38093 | Spider:2 | Noticed Linguinho's ghost (adept GrFi)
 38124 | Spider:2 | Received a gift from Sif Muna
 38126 | Spider:2 | Got Sif Muna's Almanac of Stones and Darkness {god gift}
 38134 | Spider:2 | Learned a level 6 spell: Iron Shot
 38390 | Spider:2 | Noticed Arachne
 38397 | Spider:2 | Killed Arachne
 38398 | Spider:2 | Reached skill level 5 in Conjurations
 38923 | Spider:1 | Learned a level 5 spell: Borgnjor's Vile Clutch
 39355 | Spider:2 | Found a transporter.
 39430 | Spider:2 | Noticed a daeva
 39507 | Spider:2 | Found a transporter.
 39751 | Spider:3 | Reached skill level 5 in Fighting
 39818 | Spider:3 | Reached skill level 5 in Short Blades
 39960 | Spider:3 | Noticed Roxanne
 41241 | Spider:4 | Entered Level 4 of the Spider Nest
 41290 | Spider:4 | Noticed Agnes
 41619 | Spider:4 | Learned a level 2 spell: Blink
 41722 | Spider:4 | Killed Agnes
 42118 | Spider:4 | Found a transporter.
 42123 | Spider:4 | Noticed Flure's ghost (adept DrTm)
 42159 | Spider:4 | Found a transporter.
 42225 | Spider:4 | Reached XP level 17. HP: 83/103 MP: 24/34
 43107 | Spider:4 | Reached skill level 10 in Ice Magic
 43482 | Spider:4 | HP: 2/133 [spark wasp (5)]
 43487 | Spider:4 | Mangled by an emperor scorpion

Illustrated notes

Levels and vault maps discovered:
D:1:      onia_arrival_handbag, layout_loops_ring, ebering_ecumenical_altar_rust
D:2:      layout_basic, basic_altar, grunt_ministairs_14
D:3:      layout_rooms, vehumet_statue, mainiacjoe_overflow_24_doors,
          serial_shops, shop, kennysheep_generic_room_7, uniq_natasha
D:4:      layout_rooms, zin_scriptorium, grunt_temple_overflow_cloverleaf,
          minmay_goblin_kobold_house, uniq_blork_the_orc
D:5:      layout_loops_corners, uniq_ijyb
D:6:      layout_cave_pools, nicolae_gozag_cash_rules_everything_around_me,
          serial_shops, nicolae_shop_waterfront
D:7:      layout_layer_cave, minmay_temple_entry_nine_rooms,
          kennysheep_crisscross, uniq_crazy_yiuf_cottage
D:8:      layout_basic, minmay_starry_boxes, uniq_maggie
D:9:      layout_long_grid, zombieorc2_lemuel, serial_shops,
          nicolae_shop_crystal, kennysheep_nondescript
D:10:     layout_irregular_city, minmay_crystal_water
D:11:     layout_gridville, minmay_lair_entry_grove, serial_shops,
          nicolae_shop_temple_entry_statues_fountains, uniq_fannar
D:12:     layout_rooms, uniq_rupert
Lair:1:   layout_long_grid, st_stairs_3, serial_bayou_pond_c,
          small_statue_intersection
Lair:2:   layout_hall_layers, spider_nest_entry_a, ebering_ghost_disaster_area
Lair:3:   layout_cave_pods, infiniplex_staircase_pool
Lair:4:   layout_roguey, skrybe_swamp_entry_bodies
Lair:5:   layout_cave_pods, st_stairs_9, lemuel_fruit_fields
Lair:6:   minmay_lair_end_frog_pond, layout_gridlike, slime_altar_2,
          serial_bayou_shore_a
Spider:1: layout_spider_delve, drop_trap
Spider:2: layout_spider_delve, portal_ice_cave_entry_dragon,
          gammafunk_ghost_abyssal_escape, nicolae_arachne_temple
Spider:3: layout_spider_delve, uniq_roxanne
Spider:4: spider_rune_water, nzn_ghost_randoct, uniq_agnes
Orc:1:    layout_caves, uniq_harold
Orc:2:    st_orc_open, layout_caves, serial_shops, shop_fountains, shop
Elf:1:    nicolae_elf_arrival_no_cutting_in_line, layout_geoelf_grid,
          minmay_elf_crystal_hexagon, columned_hall_lemuel,
          minmay_shop_grid_forest

Skill      XL: |  1  2  3  4  5  6  7  8  9 10 11 12 13 14 15 16 17 |
---------------+----------------------------------------------------+-----
Transmutations | 2 3 4 6 |  6.0
Spellcasting   | 3 5 8 10 12 13 | 13.4
Earth Magic    | 4 5 6 7 9 10 11 13 | 13.0
Stealth        | 4 5 6 8 12 | 12.2
Invocations    | 1 4 8 |  8.8
Fighting       | 1 3 5 |  5.0
Short Blades   | 1 3 5 6 |  6.7
Poison Magic   | 1 3 4 |  4.0
Dodging        | 4 5 7 |  7.0
Ice Magic      | 1 2 3 5 8 10 | 10.0
Air Magic      | 1 2 3 5 |  5.0
Summonings     | 4 5 8 |  8.0
Conjurations   | 2 3 7 8 |  8.0
Translocations | 1 2 |  2.0
Shields        | 4 5 7 |  7.9

Action                   |  1- 3 |  4- 6 |  7- 9 | 10-12 | 13-15 | 16-18 || total
-------------------------+-------+-------+-------+-------+-------+-------++-------
Melee: Unarmed           |    50 |       |       |       |       |       ||    50
       Constrict         |    12 |    14 |    18 |    40 |    96 |    53 ||   233
       Tentacles         |     7 |     8 |    24 |    77 |   246 |    96 ||   458
       Dagger            |     6 |    39 |    88 |   258 |   655 |   230 ||  1276
       Trident           |       |       |       |       |       |    19 ||    19
 Cast: Sandblast         |    50 |    47 |   102 |   108 |   187 |    10 ||   504
       Petrify           |       |     2 |    19 |   101 |   233 |   117 ||   472
       Summon Ice Beast  |       |       |       |       |    78 |     3 ||    81
       Statue Form       |       |       |       |       |    26 |    26 ||    52
       Ignite Poison     |       |       |       |       |     8 |     2 ||    10
       Freezing Cloud    |       |       |       |       |    11 |     7 ||    18
       Summon Forest     |       |       |       |       |     7 |     4 ||    11
       Iron Shot         |       |       |       |       |       |    35 ||    35
       Borgnjor's Vile C |       |       |       |       |       |    30 ||    30
       Blink             |       |       |       |       |       |     2 ||     2
Invok: Channel Magic     |       |       |       |       |    10 |    13 ||    23
       Forget Spell      |       |       |       |       |       |     1 ||     1
Evoke: Wand              |       |       |       |       |     5 |    19 ||    24
       Phantom mirror    |       |       |       |       |       |     1 ||     1
  Use: Potion            |       |       |     1 |     3 |     5 |    10 ||    19
       Scroll            |       |       |       |    10 |    21 |     7 ||    38
 Stab: Sleeping          |     6 |     3 |     7 |     1 |    15 |     6 ||    38
       Petrified         |       |     4 |    29 |   125 |   175 |    66 ||   399
       Petrifying        |       |       |     4 |    10 |    31 |    14 ||    59
       Distracted        |       |       |       |       |     2 |     1 ||     3
Armor: Skin              |    11 |     3 |     2 |     6 |   173 |   216 ||   411
Dodge: Dodged            |    54 |    34 |   103 |   168 |   956 |   540 ||  1855
Block: Buckler           |       |       |       |       |   318 |   357 ||   675
       Other             |       |       |       |       |    51 |       ||    51
       Reflection        |       |       |       |       |     1 |       ||     1
